AoeStats
← DadShark

Black Forest

510432603Analyzed
3v3 RM · 2d ago on Oct 1, 2026· 73m 27s· 6 players
Game mode
Random Map
Map size
Normal (6 player)
Population
200
Speed
Normal
Resources
Standard
Victory
Conquest
Starting age
Dark Age
Ending age
Imperial Age
RankedLock teamsTeams togetherTeam positionsShared explorationLock speedFull tech treeHidden civsTurbo modeCheats
Victory
Defeat
🇸🇰 Romans · Slovakia
880
+13
🇺🇸 Maya · United States
851
+14
🇺🇸 Slavs · United States
794
+17
🇦🇷 Portuguese · Argentina
842
-16
🇧🇷 Magyars · Brazil
818
-15
🇦🇷 Vikings · Argentina
768
-13
DadShark
0:28 Loom
12:48 Feudal Age
14:24 Horse Collar
14:31 Double-Bit Axe
15:25 Wheelbarrow
16:52 Wheelbarrow
16:19 Gold Mining
17:22 Man-at-Arms
18:33 Fletching
19:19 Town Watch
19:48 Padded Archer Armor
20:54 Scale Mail Armor
25:13 Castle Age
24:20 Stone Mining
26:38 Leather Archer Armor
26:19 Bodkin Arrow
26:39 Bow Saw
26:06 Crossbowman
27:35 Heavy Plow
28:50 Elite Skirmisher
30:57 Gold Shaft Mining
32:26 Hand Cart
36:48 Imperial Age
35:28 Murder Holes
36:11 Scale Barding Armor
36:22 Chain Mail Armor
36:19 Arson
36:47 Thumb Ring
37:19 Capped Ram
38:28 Town Patrol
38:54 Ballistics
40:06 Arbalester
40:17 Cavalier
40:57 Husbandry
43:10 Two-Man Saw
42:45 Ring Archer Armor
45:50 Chemistry
47:07 Chain Barding Armor
46:48 Bracer
46:53 Light Cavalry
47:43 Bloodlines
47:36 Treadmill Crane
48:41 Plate Barding Armor
47:36 Pikeman
50:12 Hussar
55:42 Crop Rotation
55:15 Corvinian Army
57:27 Halberdier
72:00 Recurve Bow
eliasamicone24
0:44 Loom
15:56 Feudal Age
16:22 Double-Bit Axe
18:02 Wheelbarrow
23:58 Castle Age
22:18 Stone Mining
22:22 Gold Mining
22:14 Horse Collar
32:59 Hand Cart
37:17 Imperial Age
37:25 Imperial Age
34:50 Pikeman
35:16 Gambesons
37:26 Ballistics
37:18 Fortified Wall
37:04 Murder Holes
37:46 Bloodlines
37:37 Husbandry
37:01 Light Cavalry
38:07 Bow Saw
38:11 Caravan
38:52 Stone Shaft Mining
39:36 Chemistry
38:20 Treadmill Crane
41:53 Conscription
43:43 Two-Man Saw
43:44 Elite Organ Gun
44:24 Murder Holes
46:49 Forging
46:39 Scale Mail Armor
46:44 Scale Barding Armor
52:32 Halberdier
52:44 Cavalier
53:52 Fletching
54:02 Padded Archer Armor
54:38 Iron Casting
54:19 Chain Mail Armor
54:09 Scale Barding Armor
54:54 Bodkin Arrow
55:15 Leather Archer Armor
ricorerolulu
13:25 Feudal Age
14:24 Double-Bit Axe
14:20 Horse Collar
15:05 Loom
20:47 Scale Barding Armor
22:25 Forging
26:58 Castle Age
25:41 Stone Mining
30:05 Fletching
30:52 Town Watch
31:43 Bodkin Arrow
32:02 Scale Mail Armor
32:23 Gold Mining
38:56 Imperial Age
38:15 Chain Mail Armor
39:32 Iron Casting
39:58 Bracer
40:30 Plate Mail Armor
41:31 Ballistics
41:06 Murder Holes
43:58 Chemistry
44:08 Elite Skirmisher
45:01 Onager
46:15 Conscription
46:57 Padded Archer Armor
47:18 Bogsveigar
54:29 Caravan
55:28 Cavalier
56:35 Chain Barding Armor
blueberry
0:28 Loom
14:00 Feudal Age
14:24 Man-at-Arms
15:57 Fletching
16:10 Double-Bit Axe
17:01 Forging
17:45 Scale Mail Armor
22:24 Castle Age
20:36 Gold Mining
20:45 Horse Collar
20:59 Stone Mining
26:25 Gold Shaft Mining
27:09 Bow Saw
29:07 Wheelbarrow
30:09 Heavy Plow
31:03 Iron Casting
31:50 Chain Mail Armor
32:12 Squires
36:30 Imperial Age
33:26 Pikeman
33:52 Long Swordsman
35:10 Murder Holes
36:44 Hand Cart
36:48 Masonry
38:33 Blast Furnace
38:42 Two-Man Saw
38:39 Crop Rotation
37:42 Capped Ram
39:11 Ballistics
39:47 Plate Mail Armor
40:08 Heavy Scorpion
41:13 Caravan
42:55 Coinage
41:56 Halberdier
43:03 Druzhina
46:05 Chemistry
44:39 Siege Ram
46:05 Bodkin Arrow
47:47 Coinage
48:59 Onager
50:28 Siege Onager
53:38 Banking
53:15 Siege Engineers
58:41 Detinets
68:34 Two-Handed Swordsman
68:38 Elite Boyar
69:54 Hoardings
72:57 Champion
ARES
0:35 Loom
14:06 Feudal Age
19:33 Castle Age
22:24 Horse Collar
29:58 Wheelbarrow
31:15 Double-Bit Axe
31:47 Heavy Plow
35:25 Imperial Age
32:34 Man-at-Arms
33:32 Forging
33:23 Scale Mail Armor
34:03 Redemption
33:28 Long Swordsman
34:29 Hand Cart
34:07 Gold Mining
35:06 Bow Saw
35:34 Iron Casting
35:15 Chain Mail Armor
35:46 Fortified Wall
35:43 Fletching
35:54 Padded Archer Armor
36:53 Conscription
36:37 Legionary
39:27 Blast Furnace
38:24 Bodkin Arrow
38:45 Leather Archer Armor
38:53 Ballistics
39:45 Chemistry
38:21 Elite Skirmisher
41:05 Scale Barding Armor
41:37 Crop Rotation
41:09 Murder Holes
42:22 Masonry
42:50 Ring Archer Armor
43:58 Onager
47:23 Husbandry
47:33 Bloodlines
46:44 Light Cavalry
46:49 Cavalier
47:54 Pikeman
48:35 Squires
51:37 Ballistas
52:23 Chain Barding Armor
53:57 Caravan
56:52 Guard Tower
68:25 Heavy Scorpion
68:31 Heavy Scorpion
grahmsmolinski
0:33 Loom
10:40 Feudal Age
14:40 Castle Age
15:41 Double-Bit Axe
17:37 Wheelbarrow
16:49 Horse Collar
21:30 Gold Mining
23:05 Heavy Plow
23:20 Bow Saw
24:18 Stone Mining
26:26 Stone Shaft Mining
27:21 Hand Cart
26:54 Town Watch
30:49 Imperial Age
28:56 Town Patrol
28:56 Fletching
29:06 Padded Archer Armor
31:40 Ballistics
31:31 Careening
31:32 Fortified Wall
31:20 Murder Holes
31:37 Masonry
31:08 Treadmill Crane
31:26 Bodkin Arrow
31:46 Leather Archer Armor
31:15 Elite Plumed Archer
32:31 Hoardings
32:17 Conscription
32:26 Bracer
32:53 Thumb Ring
32:14 Elite Skirmisher
33:56 Eagle Warrior
34:36 Squires
34:21 Arson
35:02 Forging
34:52 Scale Mail Armor
35:23 Ring Archer Armor
34:55 Caravan
36:01 Chemistry
35:32 Architecture
36:03 Block Printing
35:58 Fervor
36:09 Sanctity
36:25 Theocracy
35:50 Devotion
35:51 Atonement
35:49 Herbal Medicine
37:18 Holcans
37:55 Elite Eagle Warrior
39:16 Hul'che Javelineers
40:05 Iron Casting
47:33 Blast Furnace
46:48 Chain Mail Armor
63:52 Plate Mail Armor
Connection lost

Rejoining the realm…

Still unreachable

The connection could not be restored.

Session expired

The server has moved on; the page needs a fresh start.